 Dungeon Crawl Stone Soup version 0.26-a0-1040-gbe3abf3417 (webtiles) character file.

Game seed: 3264832307411450938

4261 Dracia the Transmogrifier (level 10, 0/58 HPs)
             Began as a Merfolk Transmuter on Dec 11, 2020.
             Was a Priest of Ru.
             Slain by a yak (14 damage)
             ... on level 9 of the Dungeon.
             The game lasted 00:21:01 (11150 turns).

Dracia the Transmogrifier (Merfolk Transmuter)     Turns: 11150, Time: 00:21:02

Health: 0/58       AC: 12    Str: 11    XL:     10   Next: 31%
Magic:  12/17      EV: 15    Int: 15    God:    Ru [***...]
Gold:   91         SH:  0    Dex: 15    Spells: 4/19 levels left

rFire    + . .     SeeInvis .     - Unarmed
rCold    . . .     Faith    .   (shield currently unavailable)
rNeg     . . .     Spirit   .   w - +0 leather armour "Leyshraomp" {rElec rPois} (curse)
rPois    +         Reflect  .   (no helmet)
rElec    +         Harm     .   c - +2 cloak
rCorr    .         Rampage  .   (gloves currently unavailable)
Will     .....                  h - +1 pair of boots
Stlth    +.........             (no amulet)
HPRegen  0.19/turn              F - ring of protection from fire
MPRegen  0.15/turn              O - +4 ring of protection

@: blade hands, wereblooded, no scrolls
A: change form in water, swift swim, stealthy swim, frail 1, inability to read
while threatened
a: End Transformation, Draw Out Power, Renounce Religion


You were on level 9 of the Dungeon.
You worshipped Ru.
Ru was most pleased with you.
You had blades for hands.
You visited 2 branches of the dungeon, and saw 10 of its levels.

You collected 431 gold pieces.
You spent 340 gold pieces at shops.


Innate Abilities, Weirdness & Mutations

You revert to your normal form in water.
You are very nimble and swift while swimming.
You are very stealthy in the water. (Stealth+)
You are frail. (-10% HP)
You cannot read scrolls while threatened.


   Skills:
 - Level 1.1 Fighting
 * Level 5.4 Dodging
 + Level 8.8 Unarmed Combat
 - Level 5.0 Spellcasting
 - Level 12.3 Transmutations
 - Level 5.0 Ice Magic
 - Level 3.0 Poison Magic


You had 4 spell levels left.
You knew the following spells:

 Your Spells              Type           Power        Failure   Level
b - Blade Hands           Tmut           #####.....   28%         5
c - Ice Form              Ice/Tmut       ####....     36%         4
e - Beastly Appendage     Tmut           #####.       8%          1
s - Spider Form           Tmut/Pois      ####......   24%         3
X - Wereblood             Tmut           #####...     9%          2

Your spell library contained the following spells:

 Spells                   Type           Power        Failure   Level
 Magic Dart               Conj           #...         65%         1
 Searing Ray              Conj           #.....       75%         2
 Dazzling Flash           Conj/Hex       #.....       89%         3
 Fulminant Prism          Conj/Hex       #.........   99%         4
 Iskenderun's Mystic Bla  Conj/Tloc      #.......     99%         4

Inventory:

Armour
 a - a +0 robe
 c - a +2 cloak (worn)
 h - a +1 pair of boots (worn)
 l - a +2 pair of gloves (melded)
 w - the cursed +0 leather armour "Leyshraomp" (worn) {rElec rPois}
   (You bought it in a shop on level 7 of the Dungeon)

   It insulates you from electricity.
   It protects you from poison.
   It has a curse placed upon it.
Magical Staves
 y - an uncursed staff of fire {!a!a, unknown}
Jewellery
 t - an uncursed ring of teleportation
 F - a ring of protection from fire (left scythe-like blade)
 O - a +4 ring of protection (right scythe-like blade)
Wands
 d - a wand of random effects (44)
 o - a wand of flame (21)
Scrolls
 b - 10 scrolls of identify {@r1@r1}
 e - 2 scrolls of immolation
 f - a scroll of magic mapping
 g - 3 scrolls of enchant weapon
 j - 2 scrolls of teleportation {unknown}
 m - a scroll of fear {unknown}
 n - 3 scrolls of amnesia {unknown}
 q - a scroll of remove curse {@r2@r2}
Potions
 i - a potion of ambrosia {unknown}
 k - a potion of experience {unknown}
 p - a potion of degeneration
 r - a potion of attraction {unknown}
 s - 2 potions of flight {unknown}
 u - a potion of berserk rage {unknown}
 v - 4 potions of cancellation {unknown}
 x - a potion of curing {@q1@q1}
 z - a potion of might
 A - a potion of resistance {unknown}

Dungeon Overview and Level Annotations

Branches:
Dungeon (9/15)             Temple (1/1) D:4
   Lair: D:8-11         Orc: D:9-12

Altars:
Cheibriados
Dithmenos
Hepliaklqana
Kikubaaqudgha
Makhleb
Nemelex Xobeh
Okawaru
Qazlal
Ru
Sif Muna

Shops:
D:7 [}?=! D:8

[ #....# #....# #....#
.# #.^..#...# #....#...#
.. #...?#...# ....
#YY..#...#
.....#@####...#
...............#
...............#
###............#########
#####.................
#.................
#.................
#.................
#...............<.


You could see 2 yaks.


Message History

* * * LOW HITPOINT WARNING * * *
You focus your will and blind the yak in retribution!
Your Dodging skill increases to level 5!
You are too injured to fight recklessly!
You are too injured to fight recklessly!
You are too injured to fight recklessly!
Unknown command.
You are too injured to fight recklessly!
You slash the yak!
The yak is moderately wounded.
The yak misses you.
You slice the yak!!
You kill the yak!
The yak closely misses you.
You slash the yak!
The yak is moderately wounded.
The yak barely misses you.
You slash the yak!
The yak is severely wounded.
The yak is stunned by your conviction and fails to attack.
The yak gores you but does no damage.
You slice the yak!!
The yak is severely wounded.
The yak gores you!
* * * LOW HITPOINT WARNING * * *
The yak misses you.
You hit the yak.
The yak is severely wounded.
The yak gores you!
You die...

Skill      XL: |  1  2  3  4  5  6  7  8  9 10 |
---------------+-------------------------------+-----
Transmutations | 3 4 5 6 7 8 10 12 | 12.3
Unarmed Combat | 4 5 6 7 8 |  8.8
Poison Magic   | 1 2 3 |  3.0
Ice Magic      | 1 3 5 |  5.0
Spellcasting   | 3 5 |  5.0
Dodging        | 5 |  5.4
Fighting       | |  1.1

Action                   |  1- 3 |  4- 6 |  7- 9 | 10-12 || total
-------------------------+-------+-------+-------+-------++-------
Melee: Unarmed           |    90 |   109 |   369 |    62 ||   630
       Headbutt          |     6 |     8 |     4 |       ||    18
       Punch             |       |       |     6 |       ||     6
 Cast: Beastly Appendage |    17 |    10 |     2 |       ||    29
       Spider Form       |       |     7 |    16 |       ||    23
       Ice Form          |       |       |     9 |       ||     9
       Blade Hands       |       |       |     2 |     3 ||     5
       Wereblood         |       |       |     1 |     3 ||     4
Invok: Sacrifice Words   |       |       |     1 |       ||     1
       Sacrifice Health  |       |       |     1 |       ||     1
  Use: Scroll            |     7 |     3 |     1 |       ||    11
       Potion            |     2 |     1 |     5 |     2 ||    10
 Stab: Sleeping          |       |     1 |     1 |     1 ||     3
       Distracted        |       |       |     4 |       ||     4
Armor: Robe              |    15 |    12 |    27 |       ||    54
       Skin              |       |       |    24 |       ||    24
       Leather armour    |       |       |    33 |    25 ||    58
Dodge: Dodged            |    49 |    78 |   215 |    45 ||   387

Levels and vault maps discovered:
D:1:      giann_bridges, layout_loops_ring
D:2:      layout_basic, solitary_fountain
D:3:      layout_loops_ring, chequers_ecumenical_altar_simple_redux,
          uniq_jessica
D:4:      layout_loops_ring, minmay_temple_entry_statues_pillars,
          uniq_crazy_yiuf_cottage
D:5:      layout_basic, lemuel_crystal_altar
D:6:      layout_gridville, uniq_blork_the_orc
D:7:      layout_basic, grunt_temple_overflow_open, serial_shops,
          kennysheep_mini, nicolae_shop_waterfront, shop_statue, shop_fountains,
          nicolae_shop_overgrown_old_shop
D:8:      layout_basic, lemuel_round_altar, minmay_parallelograms,
          nicolae_barding_shop, uniq_grum, uniq_erica, uniq_psyche
D:9:      layout_irregular_city, nicolae_overflow_crystal_walls,
          minmay_orc_entry_temple_small, serial_glass, glass_columns_b,
          glass_columns_a, glass_columns_a, glass_columns_a, glass_columns_a,
          glass_columns_a
Temple:   eino_temple_rhombus

Notes
Turn   | Place    | Note
-------+----------+-------------------------------------------
     0 | D:1      | Dracia the Merfolk Transmuter began the quest for the Orb.
     0 | D:1      | Reached XP level 1. HP: 15/15 MP: 3/3
    27 | D:1      | HP: 1/15 [giant cockroach (1)]
   408 | D:1      | Reached skill level 3 in Transmutations
   506 | D:1      | Reached XP level 2. HP: 18/21 MP: 5/5
   857 | D:1      | Learned a level 2 spell: Wereblood
  1143 | D:2      | Reached skill level 4 in Unarmed Combat
  1143 | D:2      | Reached XP level 3. HP: 13/26 MP: 6/6
  1147 | D:2      | Learned a level 3 spell: Spider Form
  1301 | D:2      | Reached skill level 4 in Transmutations
  2072 | D:3      | Reached XP level 4. HP: 28/32 MP: 4/7
  2460 | D:3      | Found a faded altar of an unknown god.
  2509 | D:3      | Noticed Jessica
  2518 | D:3      | Killed Jessica
  2519 | D:3      | Reached skill level 5 in Transmutations
  2857 | D:3      | Reached XP level 5. HP: 37/37 MP: 8/8
  2934 | D:4      | Noticed a phantom
  2975 | D:4      | HP: 3/37 [phantom (8)]
  2979 | D:4      | Killed a phantom
  2980 | D:4      | Reached skill level 6 in Transmutations
  2980 | D:4      | Reached skill level 1 in Poison Magic
  3225 | D:4      | Found a staircase to the Ecumenical Temple.
  3233 | Temple   | Entered the Ecumenical Temple
  3243 | Temple   | Became a worshipper of Ru the Awakened
  3284 | D:4      | Reached skill level 5 in Unarmed Combat
  3284 | D:4      | Reached XP level 6. HP: 29/43 MP: 9/9
  3570 | D:4      | Found a runed translucent door.
  3571 | D:4      | Noticed Crazy Yiuf
  3894 | D:5      | Entered Level 5 of the Dungeon
  4023 | D:5      | You fall into a shaft and drop 1 floor!
  4089 | D:6      | Noticed a sky beast
  4095 | D:6      | Killed a sky beast
  4096 | D:6      | Reached skill level 7 in Transmutations
  4096 | D:6      | Reached skill level 2 in Poison Magic
  4240 | D:6      | Reached XP level 7. HP: 33/48 MP: 7/10
  4489 | D:6      | Learned a level 4 spell: Ice Form
  4874 | D:6      | Reached skill level 8 in Transmutations
  4874 | D:6      | Reached skill level 3 in Poison Magic
  4899 | D:6      | Noticed Blork the orc
  4906 | D:6      | Killed Blork the orc
  5029 | D:6      | Reached skill level 6 in Unarmed Combat
  5029 | D:6      | Reached skill level 1 in Ice Magic
  5743 | D:5      | Gained mutation: You cannot read scrolls while threatened.
                  | [Ru sacrifice]
  5743 | D:5      | Reached * piety under Ru
  5806 | D:5      | Reached XP level 8. HP: 50/54 MP: 8/11
  6093 | D:5      | Found an iron altar of Okawaru.
  6345 | D:5      | Reached skill level 9 in Transmutations
  6345 | D:5      | Reached skill level 2 in Ice Magic
  7011 | D:4      | Killed Crazy Yiuf
  7444 | D:6      | Reached skill level 3 in Spellcasting
  7917 | D:7      | Found Gaggeyz's Distillery.
  7925 | D:7      | Bought a potion of degeneration for 15 gold pieces
  7925 | D:7      | Bought a potion of heal wounds for 75 gold pieces
  7925 | D:7      | Bought a potion of heal wounds for 75 gold pieces
  8077 | D:7      | Reached skill level 3 in Ice Magic
  8083 | D:7      | Reached skill level 10 in Transmutations
  8525 | D:7      | Found a burning altar of Makhleb.
  8527 | D:7      | Found a sparkling altar of Nemelex Xobeh.
  8527 | D:7      | Found an ancient bone altar of Kikubaaqudgha.
  8536 | D:7      | Reached skill level 7 in Unarmed Combat
  8536 | D:7      | Reached XP level 9. HP: 59/59 MP: 9/14
  8614 | D:7      | Found Vajoraf's Antique Armour Shop.
  8627 | D:7      | Bought a fine leather armour for 175 gold pieces
  8627 | D:7      | Identified the cursed +0 leather armour "Leyshraomp" {rElec
                  | rPois} (You bought it in a shop on level 7 of the Dungeon)
  8648 | D:7      | Found Xuoto's Gadget Shoppe.
  8911 | D:7      | Found Kumpuudd's Jewellery Shop.
  8957 | D:7      | Found Tafim's Magic Scroll Emporium.
  9153 | D:8      | Learned a level 5 spell: Blade Hands
  9241 | D:8      | Gained mutation: You are frail. (-10% HP) [Ru sacrifice]
  9241 | D:8      | Reached ** piety under Ru
  9241 | D:8      | Reached *** piety under Ru
  9526 | D:8      | Reached skill level 4 in Spellcasting
  9742 | D:8      | Noticed Erica
  9783 | D:8      | Killed Erica
  9784 | D:8      | Reached skill level 11 in Transmutations
  9784 | D:8      | Reached skill level 4 in Ice Magic
  9882 | D:8      | Noticed Psyche
  9891 | D:8      | Killed Psyche
  9896 | D:8      | Noticed Grum
  9906 | D:8      | Killed Grum
  9907 | D:8      | Reached skill level 8 in Unarmed Combat
  9907 | D:8      | Reached skill level 5 in Ice Magic
 10233 | D:8      | Found a hazy altar of Hepliaklqana.
 10248 | D:8      | Reached skill level 12 in Transmutations
 10252 | D:8      | Reached skill level 5 in Spellcasting
 10252 | D:8      | Reached XP level 10. HP: 44/58 MP: 13/17
 10619 | D:8      | Found Hemian's Specialty Armours.
 10626 | D:8      | Reached skill level 3 in Dodging
 11136 | D:9      | Reached skill level 4 in Dodging
 11145 | D:9      | Reached skill level 5 in Dodging
 11150 | D:9      | Slain by a yak

Vanquished Creatures
  Erica (D:8)
  Psyche (D:8)
  4 yaks (D:9)
  A black bear (D:7)
  An ice beast (D:8)
  3 orc warriors
  2 phantoms
  A sky beast (D:6)
  2 wolves (D:8)
  2 ogres
  2 centaurs
  Blork the orc (D:6)
  A wyvern zombie (D:8)
  2 scorpions
  3 wights (D:6)
  A howler monkey (D:6)
  A bullfrog zombie (D:8)
  A centaur zombie (D:8)
  Crazy Yiuf (D:4)
  6 orc priests
  4 hounds
  A jelly (D:6)
  11 orc wizards
  2 iguanas
  Jessica (D:3)
  3 worker ants
  A killer bee zombie (D:8)
  A hound skeleton (D:5)
  7 adders
  3 shadow imps
  5 white imps
  2 ufetubi
  4 adder zombies
  2 adder skeletons
  A dart slug (D:3)
  3 leopard geckos (D:8)
  22 orcs
  5 giant cockroaches
  5 goblins
  5 hobgoblins
  2 jackals (D:3)
  5 quokkas
  5 bats
  8 frilled lizards
  3 kobolds
  A leopard gecko skeleton (D:7)
  A leopard gecko zombie (D:6)
  2 quokka skeletons (D:4)
  9 rats
161 creatures vanquished.

Vanquished Creatures (others)
  Grum (D:8)
  A plant (D:7)
2 creatures vanquished.

Grand Total: 163 creatures vanquished

Table legend: (Time is in decaauts)
 A = Elapsed time spent in this place.
 B = Non-inter-level travel time spent in this place.
 C = Inter-level travel time spent in this place.
 D = Time resting spent in this place.
 E = Time spent auto-exploring this place.
 F = Levels seen in this place.
 G = Mean time per level.
                   A        B        C        D        E       F      G
               +--------+--------+--------+--------+--------+-----+--------+
         Total |  11022 |  10676 |    346 |   2612 |   6742 |  10 | 1102.2 |
       Dungeon |  11006 |  10666 |    340 |   2612 |   6736 |   9 | 1222.9 |
        Temple |     16 |     10 |      6 |      0 |      6 |   1 |   16.0 |
               +--------+--------+--------+--------+--------+-----+--------+

Top non-repeatable levels by time:
     D:6: 2105 daAuts
     D:8: 1932 daAuts
     D:5: 1663 daAuts
     D:7: 1286 daAuts
     D:4: 1125 daAuts
     D:2: 994 daAuts
     D:1: 993 daAuts
     D:3: 852 daAuts
     D:9: 52 daAuts
  Temple: 16 daAuts

Table legend:
 A = Non-vault XP
 B = Vault XP
 C = Vault XP percentage of total XP
 D = Non-vault monster count
 E = Vault monster count
 F = Vault count percentage of total count
                 A         B        C        D         E       F
            +---------+---------+-------+---------+---------+-------
      Total |    4115 |    1973 |  32.4 |     152 |       9 |   5.6
            +---------+---------+-------+---------+---------+-------
        D:1 |      18 |       0 |   0.0 |      13 |       0 |   0.0
        D:2 |      63 |       0 |   0.0 |      20 |       0 |   0.0
        D:3 |      47 |      37 |  44.0 |      13 |       1 |   7.1
        D:4 |     233 |      41 |  15.0 |       5 |       1 |  16.7
        D:5 |     300 |       0 |   0.0 |      16 |       0 |   0.0
        D:6 |    1119 |      99 |   8.1 |      31 |       1 |   3.1
        D:7 |     420 |       0 |   0.0 |      13 |       0 |   0.0
        D:8 |    1062 |    1796 |  62.8 |      35 |       6 |  14.6
        D:9 |     853 |       0 |   0.0 |       6 |       0 |   0.0
            +---------+---------+-------+---------+---------+-------
